 Dungeon Crawl Stone Soup version 0.24-a0-583-g87330a484a (webtiles) character file.

Game seed: 11894172184956304080, levelgen mode: deterministic

5690 MordorOrchid the Vexing (level 10, -2/71 HPs)
             Began as a Mummy Enchanter on Aug 28, 2019.
             Was a Believer of Ashenzari.
             Slain by a Hell Sentinel (26 damage)
             ... on level 1 of the Abyss.
             The game lasted 00:59:32 (12550 turns).

MordorOrchid the Vexing (Mummy Enchanter)          Turns: 12550, Time: 00:59:33

Health: -2/71      AC:  7    Str: 11    XL:     10   Next: 47%
Magic:  13/19      EV: 16    Int: 17    God:    Ashenzari [**....]
Gold:   178        SH:  0    Dex: 14    Spells: 9/21 levels left

rFire    x . .     SeeInvis .   a - +1 dagger (venom)
rCold    + . .     Gourm    .   (no shield)
rNeg     + + +     Faith    .   n - +2 robe {MR+}
rPois    ∞         Spirit   .   m - +0 helmet
rElec    .         Reflect  .   (no cloak)
rCorr    .         Harm     .   c - +0 pair of gloves
MR       +++++                  H - +0 pair of boots of Xemohuck {MR++}
Stlth    +++.......             j - amulet of regeneration
HPRegen  0.61/turn              u - ring of protection from magic
MPRegen  0.16/turn              i - +1 ring of evasion

@: about to teleport
A: no food or potions, fire vulnerability, cold resistance 1, negative energy
resistance 3, torment resistance, unbreathing
a: Curse Item, Scrying, Renounce Religion


You were on level 1 of the Abyss.
You worshipped Ashenzari.
Ashenzari was pleased with you.
You were not hungry.

You visited 1 branch of the dungeon, and saw 8 of its levels.
You visited the Abyss 1 time.
You also visited: Sewer and Ossuary.

You collected 540 gold pieces.
You spent 362 gold pieces at shops.

Inventory:

Hand Weapons
 a - a +1 dagger of venom (weapon)
 v - a +0 flail
 y - a +1 dagger of freezing
 A - a +0 shortbow
 E - a +2 hand axe of flaming
 F - a +1 dagger
 G - a +2 whip of electrocution
 K - a +0 hunting sling
Missiles
 b - 42 poisoned darts (quivered)
 e - 355 stones
 g - 86 sling bullets
 h - 86 bolts
 w - 3 boomerangs
 B - 33 arrows
Armour
 c - a +0 pair of gloves (worn)
 m - a +0 helmet (worn)
 n - a +2 robe of magic resistance (worn)
 x - a +3 leather armour
 H - the +0 pair of boots of Xemohuck (worn) {MR++}
   (You bought it in a shop on level 7 of the Dungeon)

   It affects your resistance to hostile enchantments.
 J - a +3 ring mail of poison resistance
Jewellery
 i - a +1 ring of evasion (right hand)
 j - an amulet of regeneration (around neck)
 k - an uncursed amulet of guardian spirit
 u - a ring of protection from magic (left hand)
 I - an uncursed ring of resist corrosion
 M - a +2 ring of intelligence
Wands
 l - a wand of iceblast (2)
 L - a wand of scattershot (6)
 N - a wand of polymorph (10)
Scrolls
 d - 6 scrolls of teleportation
 f - 2 scrolls of magic mapping
 o - a scroll of fear
 p - a scroll of noise
 q - 2 scrolls of fog
 r - 2 scrolls of enchant weapon
 s - a scroll of amnesia
 t - 3 scrolls of identify
 z - a scroll of enchant armour
 C - a scroll of remove curse
 D - 2 scrolls of immolation


   Skills:
 - Level 4.1 Fighting
 * Level 4.8 Short Blades
 * Level 5.8 Dodging
 - Level 6.0 Stealth
 - Level 6.0 Spellcasting
 - Level 2.0 Conjurations
 + Level 7.7 Hexes
 - Level 1.0 Ice Magic
 * Level 3.7 Evocations


You had 9 spell levels left.
You knew the following spells:

 Your Spells              Type           Power        Failure   Level  Hunger
a - Corona                Hex            ####...      1%          1    N/A
b - Ensorcelled Hibernat  Hex/Ice        ###...       3%          2    N/A
c - Confuse               Hex            ####....     1%          3    N/A
d - Tukima's Dance        Hex            ####....     1%          3    N/A
e - Dazzling Spray        Conj/Hex       ###...       5%          3    N/A

Your spell library contained the following spells:

 Spells                   Type           Power        Failure   Level  Hunger


Dungeon Overview and Level Annotations

Branches:
Dungeon (8/15)             Temple (0/1) D:6           Sewer (visited)
Ossuary (visited)
   Lair: D:8-11

Altars:
Ashenzari
Cheibriados
Fedhas
Okawaru
Sif Muna
Trog
Xom

Shops:
D:7 *

Annotations:
D:8 Psyche


Innate Abilities, Weirdness & Mutations

You do not eat or drink.
Your flesh is vulnerable to fire.
You are immune to poison.
Your flesh is cold resistant. (rC+)
You are immune to negative energy. (rN+++)
You are immune to unholy pain and torment.
You can survive without breathing.


Message History

Unknown command.
Unknown command.
Casting: Dazzling Spray (safe; 5% risk of failure)
Confirm with . or Enter, or press ? or * to list all spells.
Aiming: Dazzling Spray (safe; 5% risk of failure)
Press: ? - help, Shift-Dir - straight line, f - Hell Sentinel
Aim: a Hell Sentinel (blue smoke)
The spray of energy hits the Hell Sentinel but does no damage.
The Hell Sentinel barely misses you. x2
As you read the scroll of enchant armour, it crumbles to dust.
Your +1 robe of magic resistance glows green for a moment.
The Hell Sentinel hits you. The Hell Sentinel hits you!
Casting: Dazzling Spray (safe; 5% risk of failure)
Confirm with . or Enter, or press ? or * to list all spells.
Aiming: Dazzling Spray (safe; 5% risk of failure)
Press: ? - help, Shift-Dir - straight line, f/p - Hell Sentinel
Aim: a Hell Sentinel (blue smoke)
The spray of energy hits the Hell Sentinel but does no damage.
The Hell Sentinel hits you!!
You die...

* ##.
..####.# ,
,,
*#####.....#
, * ,
##.#.#...
..#* , , ,
#....#..#.#*
, *, ,
,#.#.### ..*
, ,* #1#..#
.# , ##§..#,
.. *#§### *
# * *
,#§1@#{ * ,
* ,#####, ,
, * , , * ,
,* , , * * ,
, , ≈ * * ,
, , ,, ,, *
, ,


You could see a Hell Sentinel.

Vanquished Creatures
  2 two-headed ogres (D:8)
  A spriggan (D:7)
  3 hungry ghosts
  Edmund (D:5)
  Duvessa (D:7)
  4 sky beasts
  An ice beast (D:5)
  A necrophage (D:7)
  2 ogres (D:5)
  2 centaurs
  A phantom (D:6)
  3 big kobolds
  3 bullfrogs
  Dowan (D:7)
  2 scorpions (D:8)
  8 killer bees
  3 wights
  3 howler monkeys (D:8)
  3 crimson imps
  A quasit (D:7)
  2 bullfrog zombies
  2 hounds
  8 orc priests
  2 jellies
  2 centaur skeletons
  An iguana (D:4)
  12 orc wizards
  6 worker ants
  A big kobold zombie (Ossuary)
  3 mummies
  A hound skeleton (D:7)
  4 gnolls (D:4)
  13 adders
  3 shadow imps
  2 oozes
  9 adder zombies (Ossuary)
  An adder skeleton (D:7)
  5 worms
  9 leopard geckos
  41 orcs
  3 bats
  10 giant cockroaches
  A gnoll zombie (Ossuary)
  7 goblins
  9 hobgoblins
  2 quokkas
  3 ball pythons
  9 frilled lizards
  7 hobgoblin zombies (Ossuary)
  25 kobolds
  6 kobold zombies (Ossuary)
  A leopard gecko skeleton (D:6)
  A quokka skeleton (D:6)
  4 rats
261 creatures vanquished.

Vanquished Creatures (collateral kills)
  An orc warrior (D:6)
  An orc (D:6)
2 creatures vanquished.

Vanquished Creatures (others)
  A killer bee (D:8)
1 creature vanquished.

Grand Total: 264 creatures vanquished

Notes
Turn   | Place    | Note
-------+----------+-------------------------------------------
     0 | D:1      | MordorOrchid the Mummy Enchanter began the quest for the
                  | Orb.
     0 | D:1      | Reached XP level 1. HP: 13/13 MP: 4/4
   312 | D:1      | Found a bloodstained altar of Trog.
   394 | D:1      | Reached XP level 2. HP: 18/19 MP: 3/5
   398 | D:1      | Learned a level 2 spell: Ensorcelled Hibernation
  1096 | D:2      | Reached skill level 1 in Short Blades
  1295 | D:2      | Reached skill level 3 in Hexes
  1295 | D:2      | Reached XP level 3. HP: 21/25 MP: 4/7
  1300 | D:2      | Learned a level 3 spell: Confuse
  1633 | D:2      | Reached XP level 4. HP: 29/31 MP: 3/8
  1840 | D:2      | Learned a level 3 spell: Tukima's Dance
  2071 | D:3      | Reached skill level 1 in Fighting
  2683 | D:3      | Reached XP level 5. HP: 37/37 MP: 9/9
  3098 | D:3      | Reached skill level 1 in Ice Magic
  3712 | D:4      | Found a bloodstained altar of Trog.
  3712 | D:4      | Found a blossoming altar of Fedhas.
  3712 | D:4      | Found a snail-covered altar of Cheibriados.
  3712 | D:4      | Found a shimmering blue altar of Sif Muna.
  3721 | D:4      | Found an iron altar of Okawaru.
  3721 | D:4      | Found a shattered altar of Ashenzari.
  3729 | D:4      | Became a worshipper of Ashenzari the Shackled
  4178 | D:3      | Reached XP level 6. HP: 43/43 MP: 0/10
  4379 | D:4      | Reached skill level 4 in Hexes
  5106 | D:4      | Reached XP level 7. HP: 43/48 MP: 5/12
  5112 | D:4      | Learned a level 3 spell: Dazzling Spray
  6338 | D:5      | Entered Level 5 of the Dungeon
  6384 | D:5      | Reached skill level 1 in Conjurations
  6431 | D:5      | Noticed Edmund
  6507 | D:5      | Found a sand-covered staircase.
  6575 | Ossuary  | Entered an ossuary
  7271 | D:5      | Killed Edmund
  7317 | D:5      | Reached skill level 5 in Hexes
  7317 | D:5      | Reached XP level 8. HP: 23/54 MP: 4/14
  8079 | D:6      | Found a glowing drain.
  8175 | Sewer    | Entered a sewer
  8527 | D:6      | Found a staircase to the Ecumenical Temple.
  8574 | D:6      | Reached * piety under Ashenzari
  8627 | D:6      | Reached skill level 5 in Stealth
  8627 | D:6      | Reached skill level 5 in Spellcasting
  8627 | D:6      | Reached skill level 1 in Evocations
  9009 | D:5      | Found a shimmering altar of Xom.
  9020 | D:5      | Reached XP level 9. HP: 61/61 MP: 12/17
  9659 | D:7      | Reached skill level 6 in Hexes
  9829 | D:7      | Found Hanietu's Assorted Antiques.
  9850 | D:7      | Bought a pair of dazzling boots for 237 gold pieces
  9850 | D:7      | Bought a tubular bone ring for 125 gold pieces
  9850 | D:7      | Identified the +0 pair of boots of Xemohuck {MR++} (You
                  | bought it in a shop on level 7 of the Dungeon)
  9986 | D:7      | Noticed Dowan
  9986 | D:7      | Noticed Duvessa
 10348 | D:7      | Killed Duvessa
 10356 | D:7      | Killed Dowan
 10654 | D:7      | Reached skill level 5 in Dodging
 10933 | D:8      | Found a shimmering blue altar of Sif Muna.
 10948 | D:8      | Noticed a two-headed ogre
 11089 | D:8      | Noticed a two-headed ogre
 11116 | D:8      | Killed a two-headed ogre
 11116 | D:8      | Reached skill level 7 in Hexes
 11116 | D:8      | Reached XP level 10. HP: 47/71 MP: 10/19
 11378 | D:8      | Killed a two-headed ogre
 11616 | D:8      | Noticed Psyche
 12291 | D:8      | Cast into level 1 of the Abyss (Psyche)
 12353 | Abyss:1  | Noticed a smoke demon
 12361 | Abyss:1  | Noticed a thrashing horror
 12375 | Abyss:1  | Reached ** piety under Ashenzari
 12539 | Abyss:1  | Noticed a Hell Sentinel
 12550 | Abyss:1  | Slain by a Hell Sentinel

Levels and vault maps discovered:
D:1:      dpeg_arrival_long_road, layout_loops_ring, minmay_hexomino_r4
D:2:      layout_basic
D:3:      layout_basic
D:4:      layout_rooms, minmay_overflow_temple_hex, first_ration
D:5:      lemuel_upstairs_altar, layout_basic, gup_ossuary_entry_pyramid,
          uniq_edmund
D:6:      layout_cave_pools, temple_pool_b, gup_sewer_entry_glass,
          chequers_arboretum
D:7:      layout_loops_ring, serial_shops, nicolae_shop_overgrown_old_shop,
          the_bakery, kennysheep_doodads, uniq_duvessa
D:8:      layout_basic, lemuel_blue_sif_altar, uniq_psyche
Abyss:1

Skill      XL: |  1  2  3  4  5  6  7  8  9 10 |
---------------+-------------------------------+-----
Short Blades   | 1 2 3 4 |  4.8
Spellcasting   | 3 4 5 6 |  6.0
Hexes          | 3 4 5 7 |  7.7
Stealth        | 3 4 5 6 |  6.0
Dodging        | 2 3 4 5 |  5.8
Fighting       | 1 3 4 |  4.1
Ice Magic      | 1 |  1.0
Conjurations   | 1 2 |  2.0
Evocations     | 1 3 |  3.7

Action                   |  1- 3 |  4- 6 |  7- 9 | 10-12 || total
-------------------------+-------+-------+-------+-------++-------
Melee: Dagger            |   109 |   216 |   609 |   137 ||  1071
       Mace              |       |     3 |     8 |       ||    11
Throw: Stone             |       |    21 |       |       ||    21
       Dart              |       |    11 |    27 |    23 ||    61
       Boomerang         |       |       |     7 |       ||     7
 Cast: Corona            |    27 |    27 |    89 |     4 ||   147
       Ensorcelled Hiber |     9 |    45 |    47 |    13 ||   114
       Confuse           |       |    12 |    63 |    28 ||   103
       Dazzling Spray    |       |       |    18 |     7 ||    25
       Tukima's Dance    |       |       |     1 |       ||     1
Evoke: Wand              |       |     5 |     1 |       ||     6
  Use: Scroll            |       |     4 |     7 |     5 ||    16
 Stab: Sleeping          |     8 |    21 |    42 |    10 ||    81
       Confused          |       |     5 |    36 |    11 ||    52
       Invisible         |       |       |     7 |       ||     7
Armor: Robe              |    22 |    69 |   140 |    17 ||   248
Dodge: Dodged            |    66 |   151 |   393 |    75 ||   685

Table legend:
 A = Non-vault XP
 B = Vault XP
 C = Vault XP percentage of total XP
 D = Non-vault monster count
 E = Vault monster count
 F = Vault count percentage of total count
                 A         B        C        D         E       F
            +---------+---------+-------+---------+---------+-------
      Total |    7118 |    1011 |  12.4 |     201 |      63 |  23.9
            +---------+---------+-------+---------+---------+-------
        D:1 |      13 |       5 |  27.8 |       8 |       4 |  33.3
        D:2 |      99 |       0 |   0.0 |      23 |       0 |   0.0
        D:3 |     432 |       0 |   0.0 |      36 |       0 |   0.0
        D:4 |     462 |       0 |   0.0 |      26 |       0 |   0.0
        D:5 |     883 |     221 |  20.0 |      22 |       6 |  21.4
        D:6 |     954 |       0 |   0.0 |      27 |       0 |   0.0
        D:7 |    1225 |     431 |  26.0 |      25 |       3 |  10.7
        D:8 |    3050 |       0 |   0.0 |      34 |       0 |   0.0
      Sewer |       0 |     226 | 100.0 |       0 |      24 | 100.0
    Ossuary |       0 |     128 | 100.0 |       0 |      26 | 100.0
            +---------+---------+-------+---------+---------+-------
